 Dungeon Crawl Stone Soup version 0.17.0-26-gececa24 (webtiles) character file.

149 Mazeltov the Shooter (level 5, -1/41 HPs)
             Began as a Centaur Hunter on Nov 20, 2015.
             Slain by a hound (3 damage)
             ... on level 4 of the Dungeon.
             The game lasted 00:18:09 (1727 turns).

Mazeltov the Shooter (Centaur Hunter)               Turns: 1727, Time: 00:18:09

Health: -1/41      AC:  5    Str: 14    XL:     5   Next: 9%
Magic:  5/5        EV:  9    Int: 10    God:
Gold:   64         SH:  0    Dex: 11    Spells: 0 memorised, 4 levels left

rFire  . . .     SeeInvis .     a - +1 shortbow
rCold  + . .     Clarity  .     o - +1 leather armour {rC+}
rNeg   . . .     SustAt   .     (shield currently unavailable)
rPois  .         Gourm    .     (no helmet)
rElec  .         Spirit   .     (no cloak)
rCorr  .         Warding  .     (no gloves)
rMut   .         Stasis   .     (no barding)
MR     .....                    (no amulet)
Stlth  +.........               (no ring)
                                (no ring)

@: very quick, not resistant to hostile enchantments, very unstealthy
A: hooves 3, deformed body, speed 2, tough skin 3
a: no special abilities


You were on level 4 of the Dungeon.
You were full.

You visited 1 branch of the dungeon, and saw 3 of its levels.

You collected 64 gold pieces.

Inventory:

Hand Weapons
 a - a +1 shortbow (weapon)
 b - a +0 short sword
 k - a +0 hunting sling
 m - a +2 dagger of draining
Missiles
 d - an arrow (quivered)
 r - 22 sling bullets
 s - 64 stones
Armour
 c - a +0 leather armour
 n - a +0 ring mail
 o - a +1 leather armour of cold resistance (worn)
 v - a +0 leather armour
Jewellery
 t - an uncursed amulet of warding {unknown}
Scrolls
 f - 4 scrolls of teleportation {unknown}
 j - 2 scrolls of remove curse {unknown}
 l - a scroll of magic mapping {unknown}
 q - 2 scrolls of identify {unknown}
Potions
 i - a potion of resistance {unknown}
 u - a potion of degeneration {unknown}
Comestibles
 g - 8 chunks of flesh
 h - 2 beef jerkies


   Skills:
 + Level 2.0 Fighting
 + Level 7.7 Bows
 + Level 0.9 Armour
 + Level 2.0 Dodging
 + Level 0.5 Stealth


You had 4 spell levels left.
You didn't know any spells.

Dungeon Overview and Level Annotations

Branches:
Dungeon (4/15)
 Temple: D:4-7

Altars:
Dithmenos
Elyvilon


Innate Abilities, Weirdness & Mutations

You have hooves in place of feet.
Armour fits poorly on your strangely shaped body.
You cover ground very quickly.
You have extremely tough skin (AC +3).


Message History

* * * LOW HITPOINT WARNING * * *
The hound bites you but does no damage.
There isn't anything here!
Drink which item? (? for menu, Esc to quit)
Okay, then.
Eat which item? (? for menu, Esc to quit)
The hound closely misses you.
You continue eating.
The hound bites you.
* * * LOW HITPOINT WARNING * * *
The hound bites you.
* * * LOW HITPOINT WARNING * * *
You continue eating.
The hound closely misses you.
You finish eating.
That bread ration really hit the spot!
Eat which item? (? for menu, Esc to quit)
The hound bites you but does no damage. The hound barely misses you.
Yeuchh!
Anchovies.
The hound bites you.
You die...

#####
#####...##########
#.@..............#
#h###...########.#
#.# ##### #.# #.#
#.# #.# #.# ####
#.# #.# ..# #.#
#)# #.# #.# #.#
.######.###.#
#######.#


You could see a hound.

Vanquished Creatures
  An ogre (D:4)
  An adder (D:4)
  A gnoll (D:1)
  A worm (D:2)
  4 giant geckos
  3 bats
  A giant cockroach (D:1)
  7 hobgoblins
  4 jackals (D:4)
  3 kobolds (D:2)
  2 giant newts (D:1)
  A goblin (D:2)
  3 rats
32 creatures vanquished.

Notes
Turn   | Place    | Note
--------------------------------------------------------------
     0 | D:1      | Mazeltov the Centaur Hunter began the quest for the Orb.
     0 | D:1      | Reached XP level 1. HP: 17/17 MP: 1/1
   393 | D:1      | Reached XP level 2. HP: 24/24 MP: 2/2
   405 | D:1      | Reached skill level 6 in Bows
  1182 | D:2      | Reached XP level 3. HP: 29/29 MP: 3/3
  1245 | D:2      | Found a shadowy altar of Dithmenos.
  1309 | D:2      | Found a white marble altar of Elyvilon.
  1540 | D:2      | You fall through a shaft for 2 floors!
  1610 | D:4      | Noticed an ogre
  1629 | D:4      | Killed an ogre
  1629 | D:4      | Reached skill level 7 in Bows
  1629 | D:4      | Reached XP level 4. HP: 36/36 MP: 4/4
  1629 | D:4      | Reached XP level 5. HP: 41/41 MP: 5/5
  1723 | D:4      | HP: 2/41 [hound (2)]
  1727 | D:4      | Slain by a hound

Action                   |  1- 3 |  4- 6 || total
-------------------------+-------+-------++-------
Melee: Shortbow          |    11 |     1 ||    12
       Short sword       |     8 |    14 ||    22
 Fire: Shortbow          |    82 |    10 ||    92
  Eat: Chunk             |     1 |       ||     1
       Bread ration      |       |     1 ||     1
       Pizza             |       |     1 ||     1
